Map: Ultralove

Players

theangelbmax - Winner!

  • Race: Protoss Protoss
  • League: Gold
  • Spawn Location: 7:00

NERFF

  • Race: Terran Terran
  • League: Gold
  • Spawn Location: 1:00

VOD

Have the link to the VOD?

Description

Time

  • Played on: Oct. 6, 2025, 10:55 p.m.
  • Length: 6:38
Show
View Real Time Build Order
Export as new Build Order

theangelbmax Protoss - Winner!

Build Orders:  

Get SALT Encoding   

  12  0:01  Probe  
  13  0:14  Probe  
  14  0:26  Probe  
  14  0:27  Pylon  
  15  0:34  Assimilator  
  15  0:44  Probe  
  15  0:47  Gateway  
  16  0:52  Probe  
  17  1:00  Probe  
  18  1:12  Probe  
  18  1:16  Assimilator  
  19  1:24  Probe  
  20  1:36  Probe  
  20  1:38  Cybernetics Core  
  20  1:39  Zealot  
  23  1:43  Pylon  
  23  2:01  Probe  
  24  2:13  Probe  
  24  2:15  Twilight Council  
  25  2:17  Zealot  
  27  2:35  Warp Gate  
  27  2:41  Sentry, Charge  
  27  2:46  Gateway  
  27  3:03  Gateway  
  27  3:13  Gateway  
  27  3:18  Pylon  
  27  3:20  Gateway  
  27  3:25  Robotics Facility  
  27  3:31  Zealot  
  29  3:57  Zealot x2  
  29  4:01  Zealot  
  29  4:02  Zealot  
  37  4:11  Warp Prism  
  39  4:31  Pylon  
  39  4:43  Zealot  
  37  4:47  Observer  
  36  5:40  Dark Shrine  
  36  5:42  Pylon  
  36  5:45  Pylon  
  36  6:04  Zealot x3  
  36  6:05  Zealot  
  36  6:06  Zealot  
Show
View Real Time Build Order
Export as new Build Order

NERFF Terran 

Build Orders:  

Get SALT Encoding   

  12  0:00  SCV  
  13  0:13  Supply Depot  
  13  0:18  SCV  
  14  0:30  SCV  
  15  0:43  Barracks  
  15  0:54  Barracks  
  15  0:55  SCV  
  16  1:07  SCV  
  17  1:19  SCV  
  18  1:31  SCV  
  19  1:36  Refinery  
  19  1:40  Bunker  
  19  1:41  Marine  
  19  1:43  Supply Depot, SCV  
  19  1:45  Marine  
  22  1:54  Refinery  
  22  1:56  SCV  
  23  2:04  Marine x2  
  23  2:06  Supply Depot  
  25  2:16  Engineering Bay  
  25  2:48  Bunker  
  25  2:49  Marine  
  26  2:52  Marine  
  27  3:01  Factory  
  27  3:07  Marine  
  27  3:10  Marine  
  29  3:12  Orbital Command  
  29  3:20  Missile Turret  
  29  3:25  Marine  
  30  3:32  Missile Turret  
  30  3:45  Supply Depot  
  30  3:46  Barracks Tech Lab  
  30  3:47  Marine  
  31  4:00  Bunker  
  31  4:14  Command Center  
  31  4:19  Factory  
  31  4:29  Siege Tank  
  34  4:37  SCV  
  35  4:39  Missile Turret  
  25  5:20  Armory  
  25  5:23  Armory  
  25  5:35  Starport  
  25  5:45  Missile Turret  
  25  5:50  Factory Tech Lab  
  25  5:52  Missile Turret  
  25  5:53  SCV  
  26  6:05  SCV  
Tags
 
League
GoldGold
Matchup
PvT
Spawn Locations
Cross Positions
Add a new tag
Caveats
  • Supply blocks, unpowered buildings, or Contaminate may cause inaccurate times.
  • Supply counts are checked every 10 seconds.